 Dungeon Crawl Stone Soup version 0.31.0-9-g3a7656b989 (webtiles) character file.

Game seed: 6359199404495362627

58 qw the Shooter (level 3, -2/18 HPs)
             Began as a Spriggan Hunter on Feb 2, 2024.
             Slain by a gnoll
             ... wielding a +0 flail
              (11 damage)
             ... on level 2 of the Dungeon.
             The game lasted 00:00:02 (811 turns).

qw the Shooter (Spriggan Hunter)                     Turns: 811, Time: 00:00:03

Health: -2/18      AC:  2    Str:  7    XL:     3   Next: 75%
Magic:  4/4        EV: 19    Int: 10    God:
Gold:   62         SH:  0    Dex: 20    Spells: 2/2 levels left

rFire   . . .        a - +0 shortbow
rCold   . . .        (shield currently unavailable)
rNeg    . . .        c - +0 robe
rPois   .            (helmet restricted)
rElec   .            (no cloak)
rCorr   .            (gloves unavailable)
SInv    +            (boots unavailable)
Will    .....        (no amulet)
Stlth   ++           (no ring)
HPRegen 0.23/turn    (no ring)
MPRegen 0.09/turn

%: no passive effects
@: very quick
A: very small, no large weapons, unfitting armour, see invisible, speed 3
a: no special abilities


You were on level 2 of the Dungeon.
You visited 1 branch of the dungeon, and saw 2 of its levels.

You collected 62 gold pieces.


Innate Abilities, Weirdness & Mutations

You are very small and have problems with some larger weapons.
You are too small for most types of armour.
You have supernaturally acute eyesight. (SInv)
You cover ground extremely quickly. (Speed+++)


   Skills:
 - Level 1.5 Fighting
 - Level 5.0 Ranged Weapons
 + Level 4.0 Dodging
 - Level 1.5 Stealth


You had 2 spell levels left.
You didn't know any spells.
Your spell library was empty.

Inventory:

Hand Weapons
 a - a +0 shortbow (weapon)
Armour
 c - a +0 robe (worn)
Scrolls
 d - a scroll of summoning {unknown}
Potions
 b - a potion of haste {unknown}
 f - 2 potions of curing

Dungeon Overview and Level Annotations

Branches:
Dungeon (2/15)

Altars:
Hepliaklqana

Annotations:
D:2 1 runed translucent door, Crazy Yiuf


Message History

You now have 62 gold pieces (gained 9).
f - 2 potions of curing (gained 1)
Found a hammer.
Crazy Yiuf shouts!
Things that are here:
a +0 short sword; 5 stones; a giant cockroach corpse You see here a ball python corpse. 2 gnolls come into view.
You shoot an arrow.
The arrow hits the gnoll but does no damage.
The gnoll shouts!
The gnoll shouts!
You shoot an arrow. The arrow hits the gnoll.
The gnoll is heavily wounded.
A quokka comes into view.
A gnoll comes into view. It is wielding a +0 flail.
Enter note:
Enter note:
804 ||| RETREEEEATING.
You shoot an arrow. The arrow hits the gnoll.
The gnoll is almost dead.
You shoot an arrow. The arrow hits the gnoll.
You kill the gnoll!
Your Ranged Weapons skill increases to level 5!
You shoot an arrow. The arrow barely misses the quokka.
You shoot an arrow. The arrow barely misses the quokka.
The quokka barely misses you. The quokka bites you.
You shoot an arrow. The arrow barely misses the quokka.
The quokka misses you.
You shoot an arrow. The arrow hits the gnoll.
The gnoll is moderately wounded.
The gnoll misses you. The gnoll barely misses you.
The quokka completely misses you. The gnoll barely misses you.
The gnoll hits you with a +0 flail. The quokka misses you.
You shoot an arrow. The arrow hits the gnoll.
The gnoll is severely wounded.
The quokka twitches its whiskers.
The quokka bites you. The gnoll hits you with a +0 flail!
Ouch! That really hurt!
You die...

.#.#### . ......# .
.<....# #. ......# #.##
# ......# ... ####..
....[.# #.###.....g
......# #####....).#
......# ........gg.# #
....... #######@r.#..#
######## ###.>...#
##.....# #####...#.###
#......###.....###.####
#..._...##.............
........##....####....
........##%##...(#.###
...........##......#
#....##.....#......####


You could see 2 gnolls and a quokka.

Vanquished Creatures
  A gnoll (D:2)
  2 adders (D:2)
  A dart slug (D:1)
  5 ball pythons
  2 bats (D:1)
  2 endoplasms
  2 giant cockroaches
  3 goblins
  A hobgoblin (D:1)
  5 frilled lizards
  A kobold (D:2)
  6 rats
31 creatures vanquished.

Notes
Turn   | Place    | Note
-------+----------+-------------------------------------------
     0 | D:1      | qw the Spriggan Hunter began the quest for the Orb.
     0 | D:1      | Reached XP level 1. HP: 10/10 MP: 2/2
     0 | D:1      | 0 ||| qw: Version: 0.3-a-155-g5e7d8dd
     0 | D:1      | 0 ||| qw: Game counter: 1618
     0 | D:1      | 0 ||| qw: Melee chars always use a shield: true
     0 | D:1      | 0 ||| qw: God list: Okawaru
     0 | D:1      | 0 ||| qw: Allow faded altars: false
     0 | D:1      | 0 ||| qw: Do Orc after clearing Dungeon:15 true
     0 | D:1      | 0 ||| qw: Do second Lair branch before Depths: true
     0 | D:1      | 0 ||| qw: Lair rune preference: random
     0 | D:1      | 0 ||| qw: Goals: Normal
     0 | D:1      | 0 ||| PLANNING D:1-11
    42 | D:1      | Reached skill level 3 in Dodging
   176 | D:1      | Reached XP level 2. HP: 14/14 MP: 3/3
   257 | D:1      | Found a faded altar of an unknown god.
   511 | D:1      | 511 ||| READING 2 scrolls labelled BAPONY EJEDEO.
   511 | D:1      | 511 ||| IDENTIFYING murky inky potion
   512 | D:1      | 512 ||| READING scroll of identify.
   512 | D:1      | 512 ||| IDENTIFYING murky dark potion
   513 | D:1      | 513 ||| READING scroll labelled PUWUAXU HORPHEWN.
   614 | D:1      | 614 ||| READING scroll labelled CAABBIE TIERI.
   615 | D:1      | 615 ||| READING scroll labelled WONONIROYWN.
   618 | D:1      | 618 ||| DROPPING scroll of butterflies.
   619 | D:1      | 619 ||| DROPPING potion of ambrosia.
   686 | D:2      | Found a hazy altar of Hepliaklqana.
   710 | D:2      | Reached XP level 3. HP: 18/18 MP: 4/4
   760 | D:2      | Found a runed translucent door.
   761 | D:2      | Noticed Crazy Yiuf
   804 | D:2      | 804 ||| RETREEEEATING.
   807 | D:2      | Reached skill level 5 in Ranged Weapons
   811 | D:2      | Slain by a gnoll

Levels and vault maps discovered:
D:1:      dpeg_arrival_round_b, layout_rooms, basic_ecumenical_altar,
          chequers_serial_rivers_micro_b
D:2:      layout_rooms, basic_altar, uniq_crazy_yiuf_cottage

Skill      XL: |  1  2  3 |
---------------+----------+-----
Dodging        | 3 4 |  4.0
Ranged Weapons | 5 |  5.0
Fighting       | |  1.5
Stealth        | |  1.5

Action                     || total
---------------------------++-------
   Fire: Shortbow          ||    75
    Use: Scroll            ||     5
 Armour: Robe              ||     9
  Dodge: Dodged            ||    22

Table legend:
 A = Non-vault XP
 B = Vault XP
 C = Vault XP percentage of total XP
 D = Non-vault monster count
 E = Vault monster count
 F = Vault count percentage of total count
                 A         B        C        D         E       F
            +---------+---------+-------+---------+---------+-------
      Total |      83 |       0 |   0.0 |      31 |       0 |   0.0
            +---------+---------+-------+---------+---------+-------
        D:1 |      32 |       0 |   0.0 |      21 |       0 |   0.0
        D:2 |      51 |       0 |   0.0 |      10 |       0 |   0.0
            +---------+---------+-------+---------+---------+-------
